 Dungeon Crawl Stone Soup version 0.26-a0-720-g2a1d101370 (webtiles) character file.

Game seed: 13226065579243731026

1322 GordonOverkill the Chiller (level 8, -7/40 HPs)
             Began as a Spriggan Ice Elementalist on Nov 2, 2020.
             Was an Initiate of Vehumet.
             Mangled by an ogre
             ... wielding a +0 giant spiked club
              (22 damage)
             ... on level 6 of the Dungeon.
             The game lasted 00:12:20 (7403 turns).

GordonOverkill the Chiller (SpIE)                   Turns: 7403, Time: 00:12:21

Health: -7/40      AC:  2    Str:  4    XL:     8   Next: 33%
Magic:  4/18       EV: 17    Int: 18    God:    Vehumet [......]
Gold:   321        SH:  0    Dex: 17    Spells: 7/19 levels left

rFire    x . .     SeeInvis +   h - +3 whip (elec)
rCold    + . .     Faith    .   (shield restricted)
rNeg     . . .     Spirit   .   n - +0 robe
rPois    .         Reflect  .   (helmet restricted)
rElec    .         Harm     .   (no cloak)
rCorr    .         Rampage  .   (gloves unavailable)
MR       +....                  (boots unavailable)
Stlth    ++........             m - amulet of regeneration
HPRegen  0.53/turn              b - ring of ice
MPRegen  0.16/turn              (no ring)

@: frozen ramparts, very slightly contaminated, drained, very quick
A: very small, unfitting armour, see invisible, speed 3
a: Renounce Religion


You were on level 6 of the Dungeon.
You worshipped Vehumet.
Vehumet was noncommittal.
You visited 2 branches of the dungeon, and saw 7 of its levels.

You collected 321 gold pieces.

Inventory:

Hand Weapons
 h - a +3 whip of electrocution (weapon)
Missiles
 f - 92 stones (quivered)
Armour
 n - a +0 robe (worn)
Jewellery
 b - a ring of ice (left hand)
 m - an amulet of regeneration (around neck)
 q - an uncursed amulet of magic regeneration {unknown}
Wands
 r - a wand of digging (4)
Scrolls
 j - 2 scrolls of identify
 k - a scroll of enchant armour
 o - 3 scrolls of teleportation
Potions
 a - a potion of curing
 c - 2 potions of invisibility
 d - 3 potions of berserk rage
 e - 2 potions of lignification {unknown}
 g - a potion of ambrosia
 i - 2 potions of stabbing
 l - a potion of haste {unknown}
 p - a potion of mutation {unknown}


   Skills:
 + Level 3.4(2.8) Fighting
 - Level 3.0(2.3) Dodging
 - Level 3.0(2.3) Stealth
 + Level 6.0(5.3) Spellcasting
 + Level 2.2(1.5) Conjurations
 + Level 2.4(1.8) Summonings
 * Level 6.3(5.6) Ice Magic


You had 7 spell levels left.
You knew the following spells:

 Your Spells              Type           Power        Failure   Level
a - Freeze                Ice            ####         1%          1
b - Frozen Ramparts       Ice            #####.       3%          3
c - Hailstorm             Conj/Ice       ####....     28%         4
d - Summon Ice Beast      Ice/Summ       ####....     28%         4

Your spell library contained the following spells:

 Spells                   Type           Power        Failure   Level
 Ozocubu's Armour         Ice            #####...     3%          3


Dungeon Overview and Level Annotations

Branches:
Dungeon (6/15)             Temple (1/1) D:5

Altars:
Ashenzari
Dithmenos
Elyvilon
Fedhas
Gozag
Hepliaklqana
Kikubaaqudgha
Makhleb
Nemelex Xobeh
Okawaru
Qazlal
Ru
Sif Muna
Trog
Uskayaw
Vehumet
Wu Jian
Xom
Yredelemnul
Zin
The Shining One


Innate Abilities, Weirdness & Mutations

You are very small and have problems with some larger weapons.
You are too small for most types of armour.
You have supernaturally acute eyesight. (SInv)
You cover ground extremely quickly.


Message History

Confirm with . or Enter, or press ? or * to list all spells.
Aiming: Freeze (safe; 1% risk of failure)
Press: ? - help, Shift-Dir - straight line, f - ogre
Aim: an ogre, wielding a +0 giant spiked club (lightly wounded)
You feel a surge of power!
You freeze the ogre.
The ogre is moderately wounded.
Your ice beast hits the ice beast.
Your ice beast freezes the ice beast.
The ice beast completely resists.
The ogre hits you with a +0 giant spiked club!
Casting: Freeze (safe; 1% risk of failure)
Confirm with . or Enter, or press ? or * to list all spells.
You feel a surge of power!
The walls around you are covered in ice.
The ice beast completely resists.
The wall freezes the ice beast but do no damage.
Your ice beast hits the ice beast but does no damage.
The wall freezes the ogre!
The ogre hits you with a +0 giant spiked club!!
Ouch! That really hurt!
You die...

........# ###
##.....#.....#
........#
####...###...#
........# #.#. ..#..#
.<......# #.## ...#..
#####.### #####.##.###
.# #.# #........
#.####### #........
#.......######.Y......
#######.....@OY......?
########........
#........ #........
#########


You could see an ice beast, an ogre and a friendly ice beast (summoned).

Vanquished Creatures
  An ice beast (D:5)
  2 ogres
  A centaur (D:6)
  3 bullfrogs (D:6)
  Blork the orc (D:5)
  2 scorpions
  7 wights
  A bullfrog zombie (D:5)
  A bullfrog skeleton (D:5)
  3 worker ants
  2 worker ant zombies (D:5)
  A gnoll (D:1)
  8 adders
  An ufetubus (D:4)
  2 worms
  A dart slug (D:3)
  A leopard gecko (D:2)
  15 orcs
  4 giant cockroaches
  7 goblins
  8 hobgoblins
  12 jackals
  3 quokkas
  A ball python (D:1)
  6 bats
  4 frilled lizards
  A jackal skeleton (D:4)
  6 kobolds
  A leopard gecko skeleton (D:5)
  10 rats
116 creatures vanquished.

Notes
Turn   | Place    | Note
-------+----------+-------------------------------------------
     0 | D:1      | GordonOverkill the Spriggan Ice Elementalist began the
                  | quest for the Orb.
     0 | D:1      | Reached XP level 1. HP: 9/9 MP: 5/5
   202 | D:1      | Found an iron altar of Okawaru.
   321 | D:1      | Reached XP level 2. HP: 14/14 MP: 2/6
  1367 | D:1      | Reached XP level 3. HP: 17/17 MP: 5/8
  1375 | D:1      | Learned a level 3 spell: Frozen Ramparts
  1589 | D:1      | Reached skill level 1 in Fighting
  1682 | D:2      | Found a radiant altar of Vehumet.
  2668 | D:3      | Reached XP level 4. HP: 22/22 MP: 0/10
  2865 | D:3      | Reached XP level 5. HP: 26/26 MP: 1/12
  3943 | D:4      | Learned a level 4 spell: Hailstorm
  3952 | D:4      | Noticed an ogre
  3964 | D:4      | Killed an ogre
  4027 | D:4      | Found an ornate altar of the Wu Jian Council.
  4115 | D:4      | Reached XP level 6. HP: 30/30 MP: 8/13
  4172 | D:4      | Learned a level 4 spell: Summon Ice Beast
  4551 | D:4      | Reached skill level 5 in Ice Magic
  4852 | D:4      | Found a bloodstained altar of Trog.
  4969 | D:4      | Found an opulent altar of Gozag.
  4970 | D:4      | Found a hazy altar of Hepliaklqana.
  4970 | D:4      | Found an iron altar of Okawaru.
  4970 | D:4      | Found a basalt altar of Yredelemnul.
  4970 | D:4      | Found a burning altar of Makhleb.
  4970 | D:4      | Found a shadowy altar of Dithmenos.
  4971 | D:4      | Found a blossoming altar of Fedhas.
  4972 | D:4      | Found a sacrificial altar of Ru.
  4974 | D:4      | Found a shimmering blue altar of Sif Muna.
  4975 | D:4      | Found a glowing silver altar of Zin.
  5009 | D:5      | Entered Level 5 of the Dungeon
  5084 | D:5      | Found a staircase to the Ecumenical Temple.
  5123 | Temple   | Entered the Ecumenical Temple
  5487 | Temple   | Became a worshipper of Vehumet
  5787 | D:5      | Noticed Blork the orc
  5793 | D:5      | Killed Blork the orc
  5793 | D:5      | Reached skill level 1 in Summonings
  5959 | D:5      | Reached skill level 5 in Spellcasting
  5959 | D:5      | Reached skill level 1 in Conjurations
  5959 | D:5      | Reached XP level 7. HP: 34/35 MP: 15/15
  6815 | D:6      | Reached XP level 8. HP: 40/40 MP: 11/17
  7403 | D:6      | Mangled by an ogre

Illustrated notes

Levels and vault maps discovered:
D:1:      lightli_arrival_lavapool, layout_basic, nrook_loot_triangle,
          okawaru_ov_weapons_minmay
D:2:      layout_basic, lemuel_statue_altar
D:3:      layout_loops_ring, hangedman_abyss_or_decor_lesser_grid
D:4:      layout_cave_pools, minitemple, kennysheep_mini_moat
D:5:      layout_basic, minmay_temple_entry_ruins, serial_undead,
          serial_undead_a, serial_undead_c, serial_undead_f, serial_undead_c,
          uniq_blork_the_orc
D:6:      layout_rooms
Temple:   compressed_dpeg_triangle_lava_temple

Skill      XL: |  1  2  3  4  5  6  7  8 |
---------------+-------------------------+-----
Spellcasting   | 3 4 5 6 |  6.0
Fighting       | 1 2 3 |  3.4
Ice Magic      | 4 5 6 |  6.3
Summonings     | 1 2 |  2.4
Conjurations   | 1 2 |  2.2
Dodging        | |  3.0
Stealth        | |  3.0

Action                   |  1- 3 |  4- 6 |  7- 9 || total
-------------------------+-------+-------+-------++-------
Melee: Dagger            |    12 |       |       ||    12
       Unarmed           |     1 |       |       ||     1
       Whip              |       |    23 |    46 ||    69
 Fire: Hunting sling     |    28 |    20 |       ||    48
Throw: Stone             |       |   119 |    28 ||   147
 Cast: Freeze            |    51 |    63 |    16 ||   130
       Frozen Ramparts   |     3 |    16 |     8 ||    27
       Hailstorm         |       |       |     8 ||     8
       Summon Ice Beast  |       |       |     1 ||     1
  Use: Scroll            |     9 |     9 |       ||    18
       Potion            |       |     2 |       ||     2
 Stab: Sleeping          |     1 |       |       ||     1
Armor: Robe              |     9 |     1 |     1 ||    11
Dodge: Dodged            |    33 |    67 |    40 ||   140

Table legend: (Time is in decaauts)
 A = Elapsed time spent in this place.
 B = Non-inter-level travel time spent in this place.
 C = Inter-level travel time spent in this place.
 D = Time resting spent in this place.
 E = Time spent auto-exploring this place.
 F = Levels seen in this place.
 G = Mean time per level.
                   A        B        C        D        E       F      G
               +--------+--------+--------+--------+--------+-----+--------+
         Total |   5834 |   5687 |    147 |   2449 |   2274 |   7 |  833.4 |
       Dungeon |   5605 |   5467 |    138 |   2449 |   2068 |   6 |  934.2 |
        Temple |    228 |    220 |      8 |      0 |    206 |   1 |  228.0 |
               +--------+--------+--------+--------+--------+-----+--------+

Top non-repeatable levels by time:
     D:1: 1370 daAuts
     D:5: 1133 daAuts
     D:3: 1024 daAuts
     D:4: 880 daAuts
     D:2: 664 daAuts
     D:6: 533 daAuts
  Temple: 228 daAuts
